 Dungeon Crawl Stone Soup version 0.27.1-3-gb3d3a73c9e (webtiles) character file.

Game seed: 9329587375860217182

15 Destapler the Shield-Bearer (level 2, 27/27 HPs)
             Began as a Minotaur Fighter on Oct 30, 2021.
             Was a Follower of Jiyva.
             Got out of the dungeon alive.
             The game lasted 00:01:05 (449 turns).

Destapler the Shield-Bearer (Minotaur Fighter)       Turns: 449, Time: 00:01:06

Health: 27/27      AC:  7    Str: 20    XL:     2   Next: 34%
Magic:  1/1        EV:  7    Int:  5    God:    Jiyva [*.....]
Gold:   22         SH:  9    Dex:  9    Spells: 1/1 levels left

rFire    . . .     SeeInvis .   a - +0 war axe
rCold    . . .     Faith    .   c - +0 kite shield
rNeg     . . .     Spirit   .   b - +0 scale mail
rPois    .         Reflect  .   (helmet restricted)
rElec    .         Harm     .   (no cloak)
rCorr    .         Rampage  .   (no gloves)
Will     .....                  (no boots)
Stlth    ..........             (no amulet)
HPRegen  0.09/turn              (no ring)
MPRegen  0.07/turn              (no ring)

@: no status effects
A: horns 2, retaliatory headbutt
a: Renounce Religion, Request Jelly


You escaped.
You worshipped Jiyva.
Jiyva was aware of your devotion.
You visited 1 branch of the dungeon, and saw 1 of its levels.

You collected 22 gold pieces.

Inventory:

Hand Weapons
 a - a +0 war axe (weapon)
Armour
 b - a +0 scale mail (worn)
 c - a +0 kite shield (worn)
Scrolls
 e - a scroll of teleportation {unknown}
Potions
 d - a potion of might
 f - a potion of lignification {unknown}
 g - a potion of magic {unknown}
 h - a potion of flight {unknown}


   Skills:
 + Level 4.0 Fighting
 - Level 2.4 Axes
 + Level 4.0 Armour
 + Level 4.0 Shields


You had one spell level left.
You didn't know any spells.
Your spell library was empty.

Dungeon Overview and Level Annotations

Branches:
Dungeon (1/15)

Altars:
Jiyva

Shops:
D:1 (


Innate Abilities, Weirdness & Mutations

You have a pair of horns on your head.
You reflexively headbutt those who attack you in melee.


Message History

No target in view!
No target in view!
No target in view!
No target in view!
No target in view!
No target in view!
No target in view!
No target in view!
No target in view!
No target in view!
No target in view!
No target in view!
No target in view!
No target in view!
No target in view!
No target in view!
No target in view!
You hear a distant slurping noise.
Jiyva appreciates your sacrifice.
Things that are here:
a +0 dagger; 4 stones You hear a distant slurping noise.
You hear a distant slurping noise.
You hear a distant slurping noise.
You hear a distant slurping noise.
You hear a distant slurping noise.
You hear a slurping noise.
You swap places.
You see here 17 stones.
You hear a slurping noise.
You hear a slurping noise.
You hear a slurping noise.
You hear a distant slurping noise.
You see here a +0 ring mail.
Things that are here:
a +0 dagger; a goblin skeleton
There is an open door here.
There is a staircase leading out of the dungeon here.
Are you sure you want to leave the Dungeon?
This will make you lose the game!
You have escaped!

#....###...............P.P..#
#.#..# #♣.......#..#..P.P...#
#.#.## ♣.......#..#.P.P.P..#
#.....# ♣♣......#..#..P.P.P.#
###.### ♣♣.....#..#.P.P.P..#
#.# ♣♣♣...#..#..P.P.P.# #.#
♣♣..#'##8.......# #.#
♣♣##..########## ..# #@...+
#....# ##..## ####


There were no monsters in sight!

Vanquished Creatures
  2 ball pythons (D:1)
  3 giant cockroaches (D:1)
  A goblin (D:1)
  A hobgoblin (D:1)
  2 jackals (D:1)
  A kobold (D:1)
  A bat (D:1)
  2 rats (D:1)
13 creatures vanquished.

Notes
Turn   | Place    | Note
-------+----------+-------------------------------------------
     0 | D:1      | Destapler the Minotaur Fighter began the quest for the Orb.
     0 | D:1      | Reached XP level 1. HP: 19/19 MP: 0/0
    98 | D:1      | Found Ofeciuqio's Antique Weapon Boutique.
   198 | D:1      | Reached XP level 2. HP: 25/27 MP: 1/1
   310 | D:1      | Found a faded altar of an unknown god.
   360 | D:1      | Became a worshipper of Jiyva Jehuacw the Shapeless
   360 | D:1      | Reached * piety under Jiyva
   449 | D:$      | Got out of the dungeon alive.

Illustrated notes

Levels and vault maps discovered:
D:1:      sevenhm_arrival_forest_fort_large_4, layout_loops_cross, serial_shops,
          shop_fountains, basic_ecumenical_altar

Skill      XL: |  1  2 |
---------------+-------+-----
Shields        | 4 |  4.0
Fighting       | 4 |  4.0
Armour         | 4 |  4.0
Axes           | |  2.4

Action                   || total
-------------------------++-------
Melee: War axe           ||    37
       Headbutt          ||     4
Armor: Scale mail        ||    27
Dodge: Dodged            ||     9
Block: Kite shield       ||    20
